 Dungeon Crawl Stone Soup version 0.30.0 (webtiles) character file.

Game seed: 3665896290336541636

149 Dani the Chopper (level 5, -2/41 HPs)
             Began as a Demonspawn Fighter on May 20, 2023.
             Slain by Grinder (3 damage)
             ... on level 4 of the Dungeon.
             The game lasted 00:04:05 (2910 turns).

Dani the Chopper (Demonspawn Fighter)               Turns: 2910, Time: 00:04:05

Health: -2/41      AC:  7    Str: 16    XL:     5   Next: 9%
Magic:  5/5        EV:  8    Int: 12    God:
Gold:   187        SH:  4    Dex: 12    Spells: 4/4 levels left

rFire   . . .        a - +0 war axe
rCold   . . .        c - +0 buckler
rNeg    . . .        b - +0 scale mail
rPois   .            (no helmet)
rElec   .            (no cloak)
rCorr   .            (no gloves)
SInv    .            l - +0 pair of boots
Will    .....        (no amulet) Stlth
                     (no ring)
HPRegen 0.26/turn    (no ring)
MPRegen 0.09/turn

%: no passive effects
@: mighty
A: ignite blood 3
a: no special abilities


You were on level 4 of the Dungeon.
You visited 1 branch of the dungeon, and saw 4 of its levels.

You collected 187 gold pieces.

Inventory:

Hand Weapons
 a - a +0 war axe (weapon)
Missiles
 Z - 2 throwing nets (quivered)
Armour
 b - a +0 scale mail (worn)
 c - a +0 buckler (worn)
 h - a +0 pair of boots
   (You found it on level 1 of the Dungeon)
 l - a +0 pair of boots (worn)
   (You found it on level 4 of the Dungeon)
Scrolls
 B - a scroll of blinking
Potions
 e - a potion of magic {unknown}
 f - 2 potions of mutation {unknown}
 g - a potion of cancellation {unknown}
 i - 3 potions of brilliance {unknown}
 j - a potion of heal wounds {unknown}
 k - a potion of haste {unknown}
 n - a potion of degeneration {unknown}


   Skills:
 - Level 3.0 Fighting
 + Level 4.9 Axes
 - Level 2.6 Armour
 - Level 2.6 Shields


You had 4 spell levels left.
You didn't know any spells.
Your spell library contained the following spells:

 Spells                   Type           Power      Damage    Failure   Level
 Apportation              Tloc           0%         N/A       83%         1
 Necrotise                Necr           0%         1d4       83%         1
 Summon Small Mammal      Summ           0%         N/A       83%         1
 Ozocubu's Armour         Ice            0%         N/A       99%         3
 Ozocubu's Refrigeration  Ice            0%         4d7       100%        7


Dungeon Overview and Level Annotations

Branches:
Dungeon (4/15)
 Temple: D:4-7

Altars:

Annotations:
D:2 1 runed translucent door, Crazy Yiuf
D:4 Grinder


Innate Abilities, Weirdness & Mutations

Your demonic aura causes all spilled blood to erupt in flames.


Message History

Key pressed, stopping explore.
No target in view!
No target in view!
Key pressed, stopping explore.
No target in view!
Key pressed, stopping explore.
No target in view!
Key pressed, stopping explore.
No target in view!
Key pressed, stopping explore.
No target in view!
Key pressed, stopping explore.
No target in view!
No target in view!
Key pressed, stopping explore.
No target in view!
Key pressed, stopping explore.
No target in view!
Key pressed, stopping explore.
No target in view!
Key pressed, stopping explore.
No target in view!
Key pressed, stopping explore.
Found a leather armour.
No target in view!
Found a scroll of amnesia.
No target in view!
Key pressed, stopping explore.
No target in view!
No target in view!
You see here a +0 leather armour.
Key pressed, stopping explore.
No target in view!
Key pressed, stopping explore.
No target in view!
You see here a scroll of amnesia.
Key pressed, stopping explore.
No target in view!
Key pressed, stopping explore.
No target in view!
Key pressed, stopping explore.
No target in view!
Key pressed, stopping explore.
No target in view!
Key pressed, stopping explore.
No target in view!
Key pressed, stopping explore.
No target in view!
Key pressed, stopping explore.
No target in view!
No target in view!
Found 6 stones.
No target in view!
No target in view!
Key pressed, stopping explore.
No target in view!
No target in view!
Key pressed, stopping explore.
No target in view!
Key pressed, stopping explore.
No target in view!
Key pressed, stopping explore.
No target in view!
Key pressed, stopping explore.
No target in view!
You open the door.
There is an open door here.
You see here a +0 pair of boots.
l - a +0 pair of boots You start removing your armour.
You continue taking off your +0 pair of boots. x4
You finish taking off your +0 pair of boots.
You start putting on your armour.
You continue putting on your +0 pair of boots. x5
You finish putting on your +0 pair of boots.
You open the door.
There is an open door here.
Key pressed, stopping explore.
Grinder comes into view.
Grinder is nearby!
Grinder is nearby!
Grinder is nearby!
Grinder is nearby!
You aren't carrying any items that you can evoke.
You feel very mighty all of a sudden. Grinder hits you!
You writhe in agony.
You barely miss Grinder. Grinder hits you but does no damage.
You completely miss Grinder. Grinder hits you.
You writhe in agony.
Grinder hits you!
* * * LOW HITPOINT WARNING * * *
You writhe in agony.
* * * LOW HITPOINT WARNING * * *
You closely miss Grinder. Grinder hits you.
* * * LOW HITPOINT WARNING * * *
You writhe in agony.
* * * LOW HITPOINT WARNING * * *
You closely miss Grinder. Grinder hits you.
* * * LOW HITPOINT WARNING * * *
You writhe in agony.
You die...

##.....## #.###.###.# #.#
##.......## #.....# #.# #.#
#.........####...#.###.###.#..
'.........'...................
#.....<...####.....#######.#..
##.......###..[.....# ..
##...(.## #.##.###.# ##...##
#.##..##.# ##'## #.###@##.#
#.# #.# #5##.# #.# #.# #.##.#
##.## #.. .....# ##...## ###
#.#### #.....# #.# #
##...###### #.# .
####......... ..# #
......#######


You could see Grinder.

Vanquished Creatures
  Jessica (D:2)
  4 gnolls (D:3)
  2 adders (D:3)
  2 worms (D:2)
  2 dart slugs
  3 bats
  11 endoplasms
  6 goblins
  2 hobgoblins
  3 jackals (D:3)
  3 kobolds
  4 quokkas
  3 ball pythons
  5 frilled lizards
  3 rats
54 creatures vanquished.

Notes
Turn   | Place    | Note
-------+----------+-------------------------------------------
     0 | D:1      | Dani the Demonspawn Fighter began the quest for the Orb.
     0 | D:1      | Reached XP level 1. HP: 18/18 MP: 1/1
    49 | D:1      | Reached skill level 2 in Axes
   279 | D:1      | Gained mutation: Your demonic aura sometimes causes spilled
                  | blood to erupt in flames. [demonic ancestry]
   279 | D:1      | Reached XP level 2. HP: 19/24 MP: 2/2
   509 | D:1      | Reached skill level 3 in Axes
   844 | D:2      | Noticed Jessica
   851 | D:2      | Killed Jessica
   852 | D:2      | Gained mutation: Your demonic aura often causes spilled
                  | blood to erupt in flames. [demonic ancestry]
   852 | D:2      | Reached XP level 3. HP: 17/29 MP: 3/3
  1453 | D:2      | Found a runed translucent door.
  1454 | D:2      | Noticed Crazy Yiuf
  1829 | D:3      | Reached skill level 4 in Axes
  1829 | D:3      | Gained mutation: Your demonic aura causes all spilled blood
                  | to erupt in flames. [demonic ancestry]
  1829 | D:3      | Reached XP level 4. HP: 35/35 MP: 4/4
  2043 | D:3      | Identified the +2 dagger "Ilitzeam" {elec, *Noise *Corrode
                  | rN+++ SInv}
  2099 | D:3      | Reached XP level 5. HP: 31/41 MP: 5/5
  2506 | D:4      | Identified the +2 robe "Xakhuh" {Will++ Str+6 Dex-5}
  2904 | D:4      | Noticed Grinder
  2909 | D:4      | HP: 6/41 [Grinder (5)]
  2910 | D:4      | HP: 1/41 [Grinder (5)]
  2910 | D:4      | Slain by Grinder

Illustrated notes

Levels and vault maps discovered:
D:1:      arrival_zaba_pyramid, layout_basic, minmay_fountain_box,
          minmay_tromino_v2
D:2:      layout_basic, minmay_misc_feat_encased, st_stairs_11, uniq_jessica,
          uniq_crazy_yiuf_cottage
D:3:      layout_basic, nrook_mini_vaults
D:4:      layout_loops_corners, uniq_ijyb, uniq_grinder, uniq_blork_the_orc

Skill      XL: |  1  2  3 |
---------------+----------+-----
Axes           | 2 3 4 |  4.9
Fighting       | |  3.0
Armour         | |  2.6
Shields        | |  2.6

Action                     |  1- 3 |  4- 6 || total
---------------------------+-------+-------++-------
  Melee: War axe           |   102 |    53 ||   155
    Use: Scroll            |     4 |     3 ||     7
         Potion            |       |     1 ||     1
 Armour: Scale mail        |    53 |    32 ||    85
  Dodge: Dodged            |    34 |    20 ||    54
  Block: Buckler           |    21 |     5 ||    26

Levels and vault maps discovered:
D:1:      arrival_zaba_pyramid, layout_basic, minmay_fountain_box,
          minmay_tromino_v2
D:2:      layout_basic, minmay_misc_feat_encased, st_stairs_11, uniq_jessica,
          uniq_crazy_yiuf_cottage
D:3:      layout_basic, nrook_mini_vaults
D:4:      layout_loops_corners, uniq_ijyb, uniq_grinder, uniq_blork_the_orc

Table legend: (Time is in decaauts)
 A = Elapsed time spent in this place.
 B = Non-inter-level travel time spent in this place.
 C = Inter-level travel time spent in this place.
 D = Time resting spent in this place.
 E = Time spent auto-exploring this place.
 F = Levels seen in this place.
 G = Mean time per level.
                   A        B        C        D        E       F      G
               +--------+--------+--------+--------+--------+-----+--------+
         Total |   2965 |   2905 |     60 |      0 |   2466 |   4 |  741.2 |
       Dungeon |   2965 |   2905 |     60 |      0 |   2466 |   4 |  741.2 |
               +--------+--------+--------+--------+--------+-----+--------+

Top non-repeatable levels by time:
     D:2: 1065 daAuts
     D:1: 796 daAuts
     D:3: 671 daAuts
     D:4: 432 daAuts

Table legend:
 A = Kills in this place as a percentage of kills in the entire game.
 B = Kills by you in this place as a percentage of kills by you in the entire game.
 C = Kills by friends in this place as a percentage of kills by friends in the entire game.
 D = Other kills in this place as a percentage of other kills in the entire game.
 E = Experience gained in this place as a percentage of experience gained in the entire game.
 F = Experience gained in this place divided by the number of levels of this place that you have seen.
                   A       B       C       D       E      F
               +-------+-------+-------+-------+-------+----------------------
         Total | 100.0 | 100.0 |   N/A |   N/A | 100.0 |  53.2
       Dungeon | 100.0 | 100.0 |   N/A |   N/A | 100.0 |  53.2
               +-------+-------+-------+-------+-------+----------------------
